 Dungeon Crawl Stone Soup version 0.28.0-49-g6dfe1f597d (webtiles) character file.

Game seed: 11243764374512119454

14 Exodus22XD the Sneak (level 2, 0/15 HPs)
             Began as a Kobold Enchanter on May 15, 2022.
             Slain by a quokka (2 damage)
             ... on level 1 of the Dungeon.
             The game lasted 00:00:25 (781 turns).

Exodus22XD the Sneak (Kobold Enchanter)              Turns: 781, Time: 00:00:25

Health: 0/15       AC:  2    Str:  5    XL:     2   Next: 60%
Magic:  5/5        EV: 15    Int: 16    God:
Gold:   35         SH:  0    Dex: 15    Spells: 5/5 levels left

rFire   . . .      SeeInvis .   a - +1 dagger
rCold   . . .      Faith    .   (no shield)
rNeg    . . .      Spirit   .   b - +0 robe
rPois   .          Reflect  .   (no helmet)
rElec   .          Harm     .   (no cloak)
rCorr   .          Rampage  .   (no gloves)
Will    .....                   (no boots)
Stlth   ++++......              (no amulet)
HPRegen 0.05/turn               (no ring)
MPRegen 0.09/turn               (no ring)

@: no status effects
A: small, no large weapons, nightstalker 3
a: no special abilities


You were on level 1 of the Dungeon.
You visited 1 branch of the dungeon, and saw 1 of its levels.

You collected 35 gold pieces.

Inventory:

Hand Weapons
 a - a +1 dagger (weapon)
Armour
 b - a +0 robe (worn)
Scrolls
 g - a scroll of teleportation {unknown}
Potions
 c - a potion of invisibility
 d - a potion of cancellation {unknown}
 e - a potion of berserk rage {unknown}
 f - a potion of lignification {unknown}
 h - a potion of heal wounds {unknown}
 i - a potion of might {unknown}


   Skills:
 - Level 1.3 Short Blades
 - Level 2.4 Dodging
 + Level 5.2 Stealth
 - Level 2.1 Spellcasting
 - Level 3.0 Hexes


You had 5 spell levels left.
You didn't know any spells.
Your spell library contained the following spells:

 Spells                   Type           Power      Damage    Failure   Level
 Ensorcelled Hibernation  Hex/Ice        12%        N/A       17%         2
 Confusing Touch          Hex            11%        N/A       19%         3
 Tukima's Dance           Hex            11%        N/A       19%         3
 Dazzling Flash           Conj/Hex       12%        N/A       32%         3


Dungeon Overview and Level Annotations

Branches:
Dungeon (1/15)

Altars:


Innate Abilities, Weirdness & Mutations

You are small and have problems with some larger weapons.
You are completely attuned to the shadows.


Message History

The quokka bites you but does no damage.
A quokka is nearby!
A quokka is nearby!
You miss the quokka. The quokka closely misses you.
A quokka is nearby!
You barely miss the quokka. The quokka misses you.
You hit the quokka.
The quokka is lightly wounded.
The quokka completely misses you.
You hit the quokka but do no damage.
The quokka is lightly wounded.
The quokka bites you.
You closely miss the quokka.
The quokka is lightly wounded.
The quokka misses you.
You closely miss the quokka.
The quokka is lightly wounded.
The quokka closely misses you.
You barely miss the quokka.
The quokka is lightly wounded.
The quokka closely misses you. The quokka bites you.
* * * LOW HITPOINT WARNING * * *
You closely miss the quokka.
The quokka is lightly wounded.
The quokka bites you.
* * * LOW HITPOINT WARNING * * *
You hit the quokka.
The quokka is moderately wounded.
The quokka barely misses you.
You completely miss the quokka.
The quokka is moderately wounded.
The quokka twitches its whiskers.
The quokka misses you.
You don't know any spells.
Sorry, you're not good enough to have a special ability.
Unknown command.
You hit the quokka.
The quokka is heavily wounded.
The quokka bites you.
You die...

#####.......)....
#.....####.......
#.....# #.......
#(....# ##.#####
#.....#####.#
#...........#
#...........# #####
............# #.r.##
............# #@$...
............# #.....
............# #.)...
##..........# #...##
#..........# #...#
#..........# #...#
#..........# #...#
#..........####...#
...............'...+


You could see a quokka.

Vanquished Creatures
  A ball python (D:1)
  An endoplasm (D:1)
  2 goblins (D:1)
  A hobgoblin (D:1)
  4 kobolds (D:1)
  A quokka (D:1)
  2 bats (D:1)
12 creatures vanquished.

Notes
Turn   | Place    | Note
-------+----------+-------------------------------------------
     0 | D:1      | Exodus22XD the Kobold Enchanter began the quest for the
                  | Orb.
     0 | D:1      | Reached XP level 1. HP: 10/10 MP: 3/3
   352 | D:1      | Reached XP level 2. HP: 15/15 MP: 5/5
   513 | D:1      | Reached skill level 5 in Stealth
   781 | D:1      | Slain by a quokka

Illustrated notes

Levels and vault maps discovered:
D:1:      lemuel_arrival_broad_hall, layout_basic

Skill      XL: |  1  2 |
---------------+-------+-----
Stealth        | 5 |  5.2
Short Blades   | |  1.3
Dodging        | |  2.4
Spellcasting   | |  2.1
Hexes          | |  3.0

Action                   || total
-------------------------++-------
Melee: Dagger            ||    59
       Punch             ||     1
 Stab: Sleeping          ||     7
Armor: Robe              ||     5
Dodge: Dodged            ||    41
